Cogmind - Beta 11 X7 @@@ ROGUE MODE // 2021.09.26 @ 22:33:38 Player: cptwinky Result: Destroyed by H-66 Slayer with Gauss Rifle Performance ------------- Evolutions (5) 2500 Regions Visited (21) 4200 Robots Destroyed (254) 1270 Value Destroyed (10373) 10373 Prototype IDs (46) 920 Alien Tech Used (0) 0 Bonus (8039) 8039 TOTAL SCORE: 27302 Bonus ------- High Alert Combat Kills 1328 Follower Combat Kills 2848 Network Hubs Disabled 200 Met Data Miner 300 Met Warlord at Base 500 MAIN.C Attacked Warlord 500 Warlord Defense Kill 4842 Built Enhanced Grunts 300 Met R17 at Cetus 500 Friendly Fire -3279 Cogmind --------- Core Integrity 0/1000 Matter 67/300 Energy 100/100 System Corruption 20% Temperature Cool (14) Movement Core (50) Location -5/Warlord Parts ------- > --- POWER (1) -------- (None) > --- PROPULSION (6) --- (None) > --- UTILITY (8) ------ Spectral Analyzer > --- WEAPON (2) ------- (None) > --- INVENTORY (5) ---- Cooled Fission Core Heavy Autocannon Chain Missile Launcher Peak State ------------ > --- POWER ------------ Cooled Fission Core > --- PROPULSION ------- Armored Medium Treads Armored Medium Treads Heavy Treads Heavy Treads > --- UTILITY ---------- Huge Storage Unit Spectral Analyzer Experimental Targeting Computer Improved Target Analyzer Hardened Heavy Armor Plating Improved Medium Armor Plating Improved Energy Mantle > --- WEAPON ----------- Chain Missile Launcher > --- INVENTORY -------- Enhanced Fission Core Centrium Heavy Treads Improved Cooling System Advanced Energy Well High-capacity Matter Pod Layered Medium Armor Plating Centrium Medium Armor Plating Centrium Medium Armor Plating Insulated Plating Hacking Suite Beamcaster Neutron Cannon Hypervelocity Coil Gun Heavy Assault Cannon Heavy Autocannon Scatter Rocket Array Chain Missile Launcher Advanced Datajack Shock Maul [Rating: 117] Favorites ----------- Power Heavy Ion Engine Engine Heavy Ion Engine Power Core Reinforced Fission Core Reactor Cold Fusion Reactor Propulsion Armored Treads Treads Armored Treads Leg Aluminum Leg Wheel Wheel Utility High-capacity Storage Unit Device Improved Cooling System Storage High-capacity Storage Unit Processor Advanced Targeting Computer Hackware Hacking Suite Protection Centrium Medium Armor Plating Weapon Heavy Ion Cannon Energy Gun Medium Laser Energy Cannon Heavy Ion Cannon Ballistic Gun Improved KE Penetrator Ballistic Cannon Heavy Assault Cannon Launcher Scatter Rocket Array Impact Weapon Shock Maul Slashing Weapon Makeshift Axe Special Melee Weapon Improved Datajack Build | -11 -10 -10 -9 -9 -8 -7 -7 -7 -7 -6 -6 -6 -6 -6 -6 -5 -5 -5 -5 -5 -5 ------- Run | Scr Mat Min Mat Sto Mat Fac Low Low Dat Pro Fac Ext Cet Arc Hub Fac Was Fac Upp Upp War Slots Evolved 10 | . . . 2 . 2 2 . . . . 2 . . . . 2 . . . . . Power . | . . . . . . . . . . . . . . . . . . . . . . Propulsion 4 | . . . 1 . 1 . . . . . 1 . . . . 1 . . . . . Utility 6 | . . . 1 . 1 2 . . . . 1 . . . . 1 . . . . . Weapon . | . . . . . . . . . . . . . . . . . . . . . . Parts Attached 317 | 2 20 . 29 32 13 25 11 7 . 4 11 23 11 9 6 35 8 11 6 9 45 Power 15 | . 1 . 2 1 1 . . 1 . . 1 1 . 1 . 1 1 2 . . 2 Engine 10 | . 1 . 2 1 1 . . 1 . . 1 1 . 1 . 1 . . . . . Core 4 | . . . . . . . . . . . . . . . . . 1 1 . . 2 Reactor 1 | . . . . . . . . . . . . . . . . . . 1 . . . Propulsion 65 | 2 5 . 12 4 4 3 1 . . . 4 3 2 5 2 7 2 2 . . 7 Treads 58 | 2 5 . 12 4 4 3 1 . . . 2 3 2 4 2 3 2 2 . . 7 Leg 1 | . . . . . . . . . . . . . . 1 . . . . . . . Wheel 6 | . . . . . . . . . . . 2 . . . . 4 . . . . . Hover . | . . . . . . . . . . . . . . . . . . . . . . Flight . | . . . . . . . . . . . . . . . . . . . . . . Utility 120 | . 2 . 7 3 4 10 3 4 . 2 2 9 6 3 1 17 1 7 6 6 27 Device 60 | . 1 . 2 3 1 4 . 4 . 2 . 6 2 3 . 7 . 3 6 4 12 Storage 5 | . 1 . 1 . . . . . . . . . . . . 1 . . . . 2 Processor 16 | . . . 1 . 1 2 1 . . . 2 1 . . . 3 . 1 . . 4 Hackware 4 | . . . . . . 1 . . . . . . . . . 2 . . . . 1 Protection 35 | . . . 3 . 2 3 2 . . . . 2 4 . 1 4 1 3 . 2 8 Artifact . | . . . . . . . . . . . . . . . . . . . . . . Weapon 117 | . 12 . 8 24 4 12 7 2 . 2 4 10 3 . 3 10 4 . . 3 9 Energy Gun 7 | . 4 . 1 2 . . . . . . . . . . . . . . . . . Energy Cannon 42 | . . . 2 13 3 9 4 1 . 1 2 4 1 . 1 . . . . . 1 Ballistic Gun 16 | . 3 . 4 2 1 . . . . . . . 2 . 2 1 1 . . . . Ballistic Cannon 16 | . . . . . . . . . . . . 2 . . . 5 2 . . 2 5 Launcher 18 | . 5 . 1 3 . 2 1 . . . . . . . . 2 1 . . 1 2 Special Weapon . | . . . . . . . . . . . . . . . . . . . . . . Impact Weapon 5 | . . . . . . 1 1 . . . 1 . . . . 1 . . . . 1 Slashing Weapon 3 | . . . . . . . 1 1 . 1 . . . . . . . . . . . Piercing Weapon . | . . . . . . . . . . . . . . . . . . . . . . Special Melee Weapon 10 | . . . . 4 . . . . . . 1 4 . . . 1 . . . . . Unidentified Prototypes 21 | . . . 1 4 1 . . . . . 1 . 3 1 . 1 . 2 1 . 6 Corrupted Parts 3 | . . . . . . . . . . . . . . 1 . . . . . . 2 System Corruption 7 | . . . . . . . . . . . . . . 1 . . . . . . 6 Parts Lost 38 | . . . 1 . . 2 . . . . . . 1 1 . 12 . 1 . 2 18 Power 2 | . . . 1 . . . . . . . . . . . . 1 . . . . . Propulsion 12 | . . . . . . . . . . . . . 1 1 . 5 . . . . 5 Utility 21 | . . . . . . 2 . . . . . . . . . 5 . 1 . 1 12 Weapon 3 | . . . . . . . . . . . . . . . . 1 . . . 1 1 Highest Loss Streak 10 | . . . 1 . . 2 . . . . . . 1 1 . 3 . 1 . 1 10 Average Slot Usage (%) 89 | . 97 100 99 99 99 99 97 91 92 92 86 86 90 85 86 78 75 75 76 75 76 Engine 6 | . 13 14 11 10 9 7 7 7 7 7 6 6 6 6 6 4 . . . . . Treads 24 | . 27 28 32 33 36 29 30 30 30 30 20 19 19 19 20 19 10 17 17 17 18 Device 9 | . 12 14 9 14 19 9 12 6 7 7 2 6 7 13 13 7 5 4 4 5 8 Storage 8 | . 14 14 11 11 9 7 7 7 7 7 6 6 6 6 6 7 11 11 5 5 5 Processor 10 | . . . 1 . . 12 9 15 15 15 23 21 20 20 20 12 11 15 17 15 17 Protection 8 | . . . 10 7 6 10 12 7 7 7 6 6 11 6 6 10 14 12 17 17 10 Energy Gun 1 | . 12 14 6 . . . . . . . . . . . . . . . . . . Energy Cannon 6 | . . . 2 20 17 14 14 14 15 15 12 6 4 . . . . . . . . Ballistic Gun 3 | . 15 14 13 . . . . . . . . . 6 13 12 3 . . . . . Ballistic Cannon 1 | . . . . . . . . . . . . 3 1 . . 3 1 5 5 4 4 Naked Turns . | . . . . . . . . . . . . . . . . . . . . . . Heaviest Build 167 | 11 28 26 62 64 68 79 80 79 74 75 79 81 84 78 81 167 166 166 165 134 155 Greatest Support 220 | 40 40 40 66 66 83 82 82 82 82 82 28 78 190 190 183 206 220 220 220 220 220 Greatest Overweight (x) 25 | . . . . . . 1 . . . . 2 2 2 25 . 4 8 . . . 3 Average Overweight (x) . | . . . . . . . . . . . 2 1 1 11 . . 6 . . . . Largest Inventory Capacity 25 | 8 15 15 20 20 20 20 20 20 20 20 20 20 20 20 20 25 25 25 25 25 25 Average Capacity 20 | 8 11 15 19 20 20 20 20 20 20 20 20 20 20 20 20 22 25 25 25 25 24 Most Carried 25 | 6 12 15 20 20 20 20 20 20 20 20 20 20 20 20 20 20 25 25 25 25 25 Average Carried 19 | 6 8 13 18 19 19 19 19 19 20 20 19 19 19 19 20 16 22 24 25 23 23 Final Capacity 25 | 8 15 15 20 20 20 20 20 20 20 20 20 20 20 20 20 25 25 25 25 25 5 Final Carried 25 | 6 12 15 20 20 20 20 20 20 20 20 20 20 20 20 20 20 25 25 25 25 5 Class Distribution -------------------- 58% | Mutant 37% | Scavenger-Mutant Dominant Class ---------------- Mutant | -10/Materials Mutant | -10/Mines Mutant | -9/Materials Mutant | -9/Storage Mutant | -8/Materials Mutant | -7/Factory Mutant | -7/Lower Caves Mutant | -7/Lower Caves Mutant | -7/Data Miner Mutant | -6/Proximity Caves Mutant | -6/Factory Mutant | -6/Extension Scavenger-Mutant | -6/Cetus Scavenger-Mutant | -6/Archives Scavenger-Mutant | -6/Hub_04(d) Scavenger-Mutant | -5/Factory Scavenger-Mutant | -5/Waste Scavenger-Mutant | -5/Factory Scavenger-Mutant | -5/Upper Caves Scavenger-Mutant | -5/Upper Caves Scavenger-Mutant | -5/Warlord Resources | -11 -10 -10 -9 -9 -8 -7 -7 -7 -7 -6 -6 -6 -6 -6 -6 -5 -5 -5 -5 -5 -5 ----------- Run | Scr Mat Min Mat Sto Mat Fac Low Low Dat Pro Fac Ext Cet Arc Hub Fac Was Fac Upp Upp War Matter Collected 9193 | 220 348 257 598 477 96 277 492 264 . 20 100 649 276 341 87 1738 92 537 207 441 1676 Remotely 1432 | . . . . . . . . . . . . . . . . . . . 197 154 1081 Salvage Created 9943 | . 354 200 809 1304 338 556 81 . . 55 129 389 309 232 444 1954 272 959 141 84 1333 Parts 446 | . 20 6 35 83 14 30 3 . . 2 8 19 11 13 17 94 7 33 2 1 48 Haulers Intercepted 16 | . 2 . 2 6 . . . . . . 1 . . . 1 . . 4 . . . Recyclers Shooed 10 | . . . 1 . 2 1 . . . . . . . . 1 4 . 1 . . . Parts Field Recycled . | . . . . . . . . . . . . . . . . . . . . . . Retrieved Matter . | . . . . . . . . . . . . . . . . . . . . . . Parts Self-Destructed 197 | . . . . . . . 9 2 . 7 . . . . . . . . 2 1 176 Prevented 14 | . . . . . . . . . . . . . . . . . . . . . 14 Kills | -11 -10 -10 -9 -9 -8 -7 -7 -7 -7 -6 -6 -6 -6 -6 -6 -5 -5 -5 -5 -5 -5 ------- Run | Scr Mat Min Mat Sto Mat Fac Low Low Dat Pro Fac Ext Cet Arc Hub Fac Was Fac Upp Upp War Combat Hostiles Destroyed 181 | . 8 2 15 21 8 15 3 . . 1 . 8 5 1 2 35 . 9 3 6 39 Guns 36 | . 4 2 12 . . . . . . . . . 2 1 2 13 . . . . . Cannons 93 | . . . 1 19 7 3 . . . 1 . 8 3 . . 14 . 8 3 4 22 AOE 50 | . 4 . 2 2 . 12 3 . . . . . . . . 8 . 1 . 2 16 Classes Destroyed 21 | . 5 . 2 3 1 1 1 . . . . 1 . . . 4 . . 1 . 2 Worker 12 | . . . . 1 . . . . . . 1 . . . 1 6 . 3 . . . Builder 13 | . . . 1 1 1 2 . . . . . . . . . 8 . . . . . Tunneler 4 | . 1 . 1 . . . . . . . . 1 . . . 1 . . . . . Hauler 16 | . 2 . 2 6 . . . . . . 1 . . . 1 . . 4 . . . Recycler 7 | . . . . 1 . 1 . . . . . . . . 1 3 . 1 . . . Operator 10 | . 1 . 2 1 . . . . . . . . . 5 . 1 . . . . . Watcher 7 | . 1 . . 2 2 1 . . . . 1 . . . . . . . . . . Swarmer 16 | . . . . 7 3 . 3 . . . . 1 . . . . . . . . 2 Grunt 95 | . 8 2 12 6 1 13 . . . 1 . 4 2 . . 18 . 5 2 3 18 Brawler 5 | . . . . . . . . . . . . . . . . . . . 1 1 3 Duelist 3 | . . . . . . . . . . . . . . . . 1 . . . . 2 Protector 6 | . . . . . . . . . . . . . . . . 2 . . . . 4 Sentry 25 | . . . 3 8 3 1 . . . . . 2 . 1 2 2 . 2 . 1 . Specialist 5 | . . . . . . . . . . . . . . . . 4 . . . . 1 Hunter 8 | . . . . . 1 . . . . . . . 1 . . 3 . 2 . . 1 Programmer 8 | . . . . . . 1 . . . . . . . . . 3 . . . . 4 Heavy 2 | . . . . . . . . . . . . . . . . 2 . . . . . Behemoth 2 | . . . . . . . . . . . . 1 . . . . . . . 1 . Cetus Guard 2 | . . . . . . . . . . . . . 2 . . . . . . . . Enhanced Grunt 1 | . . . . . . . . . . . . . . . 1 . . . . . . Striker 3 | . . . . . . . . . . . . . . . . . . . . . 3 Executioner 1 | . . . . . . . . . . . . . . . . . . . . . 1 Butcher 1 | . . . . . . . . . . . . . . . . . . 1 . . . Mutant 1 | . . . . . . . 1 . . . . . . . . . . . . . . Best Kill Streak 12 | . 3 1 5 4 2 8 3 . . 1 1 3 3 3 3 8 . 4 3 4 12 Combat Bots Only 12 | . 2 1 4 4 2 8 3 . . 1 . 3 3 1 2 6 . 2 3 4 12 Max Kills in Single Turn 5 | . 2 1 2 2 1 5 3 . . 1 1 1 1 2 2 4 . 2 1 2 2 Gunslinging . | . . . . . . . . . . . . . . . . . . . . . . Exploded 3 | . 1 . 2 2 . 3 3 . . . . . . . . 3 . 1 . 2 2 Melee . | . . . . . . . . . . . . . . . . . . . . . . Uniques/NPCs Destroyed 1 | . . . . 1 . . . . . . . . . . . . . . . . . 01-MTF (-9/Storage) Combat | -11 -10 -10 -9 -9 -8 -7 -7 -7 -7 -6 -6 -6 -6 -6 -6 -5 -5 -5 -5 -5 -5 -------- Run | Scr Mat Min Mat Sto Mat Fac Low Low Dat Pro Fac Ext Cet Arc Hub Fac Was Fac Upp Upp War Damage Taken 17338 | . 233 185 657 635 506 913 39 . . 192 18 916 1124 257 387 3359 . 534 231 961 6191 Core 1631 | . 71 . 76 10 17 187 13 . . . . 94 122 28 10 181 . . . 28 794 Absorbed by Shields 686 | . . . 152 . . . . . . . . 224 48 . . . . . . . 262 Reduced by Siege Mode 418 | . . . . . . . . . . . . . . . . 134 . . 25 88 171 Core Remaining (%) 81 | 100 . 71 . 78 96 . . . . 71 . . . . 70 . . . . . . Volleys Fired 792 | . 32 17 64 100 27 24 5 . . 7 5 44 25 32 27 146 8 49 15 40 125 Largest 2 | . 2 2 2 2 2 2 2 . . 2 2 2 2 2 2 2 1 1 1 1 1 Hottest 160 | . 70 70 136 136 136 136 130 . . 130 130 130 125 70 90 70 35 60 60 60 160 Shots Fired 1186 | . 54 34 127 193 54 39 9 . . 14 9 71 50 64 40 192 8 49 15 40 124 Gun 467 | . 44 34 118 59 . . . . . . . . 19 64 26 95 8 . . . . Cannon 682 | . . . 8 133 54 35 8 . . 14 9 71 31 . 14 94 . 49 15 38 109 Launcher 37 | . 10 . 1 1 . 4 1 . . . . . . . . 3 . . . 2 15 Special . | . . . . . . . . . . . . . . . . . . . . . . Kinetic 729 | . 22 17 97 54 . . . . . . . 36 25 64 26 189 8 49 15 38 89 Thermal 415 | . 22 17 29 133 54 35 8 . . 14 9 35 25 . 14 . . . . . 20 Explosive 37 | . 10 . 1 1 . 4 1 . . . . . . . . 3 . . . 2 15 Electromagnetic 5 | . . . . 5 . . . . . . . . . . . . . . . . . Robot Hit Streak 57 | . 14 11 11 8 12 7 6 . . 8 4 18 26 19 9 19 14 6 8 27 57 Robot Miss Streak 5 | . 2 1 3 5 4 4 . . . 1 1 4 4 3 5 3 . 2 1 2 4 Penetration Max 1 | . . . . . . . . . . . . 1 1 1 1 1 1 . . 1 . Secondary Targets 5 | . . 1 1 . . . . . . . . . . 1 . 2 . . . . . Max Gunslinging Chain 1 | . . 1 1 . . . . . . . . . . 1 . 1 . . . . . Shots Hit Robots 842 | . 38 27 83 114 32 22 3 . . 7 8 71 40 46 15 149 8 29 10 36 104 Core Hits 511 | . 25 6 35 44 10 44 8 . . 3 4 19 13 13 13 113 1 19 4 20 117 Critical Kills 18 | . . . . . 1 . . . . . . 2 1 4 2 7 1 . . . . Critical Parts Destroyed 29 | . . . . . . . . . . . . 5 4 8 3 9 . . . . . Critical Strikes 106 | . 4 1 3 . 1 . . . . . . 12 6 13 5 31 2 6 2 13 7 Burn 8 | . 4 1 3 . . . . . . . . . . . . . . . . . . Meltdown 1 | . . . . . 1 . . . . . . . . . . . . . . . . Destroy 51 | . . . . . . . . . . . . 7 6 13 5 18 2 . . . . Blast 46 | . . . . . . . . . . . . 5 . . . 13 . 6 2 13 7 Melee Attacks 49 | . . . . 1 . 3 14 1 . 1 2 20 . . . 1 . . . . 6 Impact 10 | . . . . . . 3 . . . . . . . . . 1 . . . . 6 Slashing 16 | . . . . . . . 14 1 . 1 . . . . . . . . . . . Piercing . | . . . . . . . . . . . . . . . . . . . . . . Sneak Attacks 23 | . . . . 1 . . . . . . 2 20 . . . . . . . . . Combat Hostiles 2 | . . . . . . . . . . . 2 . . . . . . . . . . Follow-up Attacks . | . . . . . . . . . . . . . . . . . . . . . . Damage Inflicted 34752 | . 1052 349 1456 2249 779 2085 435 . . 213 180 2114 1364 1419 670 7777 74 1949 425 2336 7826 Guns 6821 | . 465 341 1234 520 . . . . . . . . 450 1419 432 1886 74 . . . . Cannons 18288 | . . . 111 1653 713 463 80 . . 213 180 2114 914 . . 3760 . 1477 425 1779 4406 Explosions 8988 | . 573 . 77 44 . 1540 355 . . . . . . . 193 1928 . 317 . 557 3404 Melee . | . . . . . . . . . . . . . . . . . . . . . . Ramming 655 | . 14 8 34 32 66 82 . . . . . . . . 45 203 . 155 . . 16 Kinetic 19030 | . 218 190 1048 508 . . . . . . . 1346 580 1419 432 5646 74 1477 425 1779 3888 Thermal 6949 | . 247 151 297 1653 713 1028 80 . . 213 180 768 784 . . . . 317 . . 518 Explosive 7913 | . 573 . 77 44 . 975 355 . . . . . . . . 1928 . . . 557 3404 Electromagnetic 205 | . . . . 12 . . . . . . . . . . 193 . . . . . . Impact . | . . . . . . . . . . . . . . . . . . . . . . Slashing . | . . . . . . . . . . . . . . . . . . . . . . Piercing . | . . . . . . . . . . . . . . . . . . . . . . Highest Corruption 20 | . . . . . 2 2 2 2 . . . 1 1 2 5 3 . 2 . 1 20 Average Corruption 2 | . . . . . 2 2 2 1 . . . 1 1 1 3 1 . 1 . 1 14 Corruption Purged 9 | . . . . . . . . 2 . . . . . 2 . 3 . 2 . . . Effects 59 | . . . . . 7 6 16 9 . . . 3 . 1 . 6 . . . . 11 Message Errors 22 | . . . . . 2 3 3 5 . . . 2 . 1 . 3 . . . . 3 Matter Fused 4 | . . . . . . . . . . . . . . . . . . . . . 4 Heat Flow Errors 14 | . . . . . 2 1 8 2 . . . . . . . . . . . . 1 Energy Discharges 10 | . . . . . 2 . 1 1 . . . 1 . . . 3 . . . . 2 Data Loss (minor) 8 | . . . . . 1 2 4 1 . . . . . . . . . . . . . Weapon Failures 1 | . . . . . . . . . . . . . . . . . . . . . 1 Overload Shots . | . . . . . . . . . . . . . . . . . . . . . . Overflow Damage 879 | . . . . 2 5 42 10 . . . . 27 74 . . 360 . 121 8 6 224 Projectiles 640 | . . . . 2 5 13 . . . . . 27 74 . . 318 . 11 8 6 176 Explosions 172 | . . . . . . 26 10 . . . . . . . . 22 . 66 . . 48 Melee 67 | . . . . . . 3 . . . . . . . . . 20 . 44 . . . Knockbacks 45 | . . . . . . . . . . . . 3 . . . 17 . 5 2 . 18 Impact 2 | . . . . . . . . . . . . . . . . . . 2 . . . Kinetic 39 | . . . . . . . . . . . . 3 . . . 16 . 2 2 . 16 Secondary 4 | . . . . . . . . . . . . . . . . 1 . 1 . . 2 Self-Inflicted Damage 456 | . . . . . . 208 26 . . . . . . . 86 16 . . . 47 73 Shots 12 | . . . . . . 6 1 . . . . . . . 1 1 . . . 2 1 Rammed 53 | . 4 2 4 4 5 6 . . . . . . . . 5 13 . 8 . . 2 Targets Rammed 59 | . 5 2 4 6 7 6 . . . . . . . . 5 13 . 9 . . 2 Kicked . | . . . . . . . . . . . . . . . . . . . . . . Crushed 6 | . 1 . . 2 2 . . . . . . . . . . . . 1 . . . Highest Temperature 348 | . 49 . 66 222 180 253 219 265 . 198 162 252 15 . . 126 35 9 24 30 348 Average Temperature 57 | . 16 . 11 59 76 53 106 117 . 71 65 56 6 . . 33 18 4 11 7 74 Received Heat Transfer 3346 | . 150 108 311 228 135 180 . . . 66 9 193 234 . 42 546 . 75 108 135 826 Siege Activations 16 | . . . . . . . . . . . . . . . . 5 . . 1 2 8 Total Turns 757 | . . . . . . . . . . . . . . . . 132 . . 55 74 496 Longest Duration 222 | . . . . . . . . . . . . . . . . 51 . . 55 47 222 Robots Corrupted 1 | . . . . . . . . . . . . . . . 1 . . . . . . Combat Hostiles . | . . . . . . . . . . . . . . . . . . . . . . Parts Fried 4 | . . . . . . . . . . . . . . . 2 1 . 1 . . . Impact Corruptions 8 | . . . . . 1 1 . . . . . . . . . 2 . 4 . . . Robots Melted 1 | . . . . . 1 . . . . . . . . . . . . . . . . Combat Hostiles 1 | . . . . . 1 . . . . . . . . . . . . . . . . Parts Melted 15 | . . . 3 5 3 1 . . . 1 1 . 1 . . . . . . . . Heat Transferred 10374 | . 999 518 925 2812 1221 1140 111 . . 296 259 1036 598 . . . . 200 . . 259 Parts Sabotaged . | . . . . . . . . . . . . . . . . . . . . . . Parts Stolen . | . . . . . . . . . . . . . . . . . . . . . . Parts Stripped . | . . . . . . . . . . . . . . . . . . . . . . Power Chain Reactions . | . . . . . . . . . . . . . . . . . . . . . . Missiles Intercepted . | . . . . . . . . . . . . . . . . . . . . . . Alert | -11 -10 -10 -9 -9 -8 -7 -7 -7 -7 -6 -6 -6 -6 -6 -6 -5 -5 -5 -5 -5 -5 ------- Run | Scr Mat Min Mat Sto Mat Fac Low Low Dat Pro Fac Ext Cet Arc Hub Fac Was Fac Upp Upp War Peak Influence 1610 | . 202 56 246 281 309 435 . . . . 161 337 543 423 321 1183 445 1610 . . . Initial 395 | . . . . 87 12 14 . . . . 54 78 125 217 . 156 395 171 . . . Average 256 | . 36 26 90 113 68 148 . . . . 120 162 318 181 84 672 370 1002 . . . Maximum Alert Level 5 | . 1 . 1 1 1 2 . . . . . 1 2 2 1 4 2 5 . . . Low Security (%) 63 | 100 98 100 88 96 82 68 . . . . 100 67 30 46 97 3 . 5 . . . Level 1 16 | . 1 . 11 3 17 27 . . . . . 32 41 37 2 17 38 18 . . . Level 2 8 | . . . . . . 3 . . . . . . 28 16 . 29 61 3 . . . Level 3 6 | . . . . . . . . . . . . . . . . 41 . 20 . . . Level 4 4 | . . . . . . . . . . . . . . . . 8 . 47 . . . Level 5 . | . . . . . . . . . . . . . . . . . . 3 . . . High Security . | . . . . . . . . . . . . . . . . . . . . . . Max Security . | . . . . . . . . . . . . . . . . . . . . . . Squads Dispatched 48 | . 3 . 3 2 . 7 . . . . 1 2 . . 2 16 . 12 . . . Investigation 12 | . 2 . 1 1 . 3 . . . . . 1 . . . 2 . 2 . . . Extermination 4 | . . . . . . 1 . . . . . . . . . 2 . 1 . . . Reinforcement 25 | . 1 . 2 1 . 2 . . . . 1 1 . . 1 9 . 7 . . . Assault 5 | . . . . . . . . . . . . . . . . 3 . 2 . . . Garrison 2 | . . . . . . 1 . . . . . . . . 1 . . . . . . Intercept . | . . . . . . . . . . . . . . . . . . . . . . Construction Impeded 2 | . . . . . . . . . . . . . . . . 1 . 1 . . . Haulers Reinforced 7 | . . . . . . . . . . . 1 . . . 1 . . 5 . . . Active Scanning Responses 1 | . . . . . . . . . . . . . . . . 1 . . . . . Cargo Convoy Interrupts 1 | . . . . . . 1 . . . . . . . . . . . . . . . Stealth | -11 -10 -10 -9 -9 -8 -7 -7 -7 -7 -6 -6 -6 -6 -6 -6 -5 -5 -5 -5 -5 -5 --------- Run | Scr Mat Min Mat Sto Mat Fac Low Low Dat Pro Fac Ext Cet Arc Hub Fac Was Fac Upp Upp War Distress Signals 12 | . . . 2 2 1 3 . . . . . . 2 . . . . 2 . . . Communications Jammed 11 | . . . . . 2 . . . . . . . . . 6 . . 3 . . . Distress Signals 11 | . . . . . 2 . . . . . . . . . 6 . . 3 . . . Times Spotted 443 | . 19 3 33 28 16 23 3 . . 3 2 31 19 23 18 51 2 26 3 6 134 Peak Tracking Total 33 | . 3 2 4 4 3 6 3 . . 3 1 4 5 2 14 5 1 4 3 4 33 Tactical Retreats 14 | . . . . 3 . . . . . . . 1 . . . 5 . . . . 5 Traps | -11 -10 -10 -9 -9 -8 -7 -7 -7 -7 -6 -6 -6 -6 -6 -6 -5 -5 -5 -5 -5 -5 ------- Run | Scr Mat Min Mat Sto Mat Fac Low Low Dat Pro Fac Ext Cet Arc Hub Fac Was Fac Upp Upp War Traps Triggered 21 | . 3 . . 2 2 2 . . . . . 4 . . 4 1 . 3 . . . Indirectly 1 | . . . . . . . . . . . . . . . 1 . . . . . . Trap Hack Attempts 47 | . . . . 35 . . . . . . . . . . . 12 . . . . . Triggered . | . . . . . . . . . . . . . . . . . . . . . . Disarmed 1 | . . . . 1 . . . . . . . . . . . . . . . . . Reprogrammed 4 | . . . . 2 . . . . . . . . . . . 2 . . . . . Reused 1 | . . . . . . . . . . . . . . . . 1 . . . . . Traps Extracted . | . . . . . . . . . . . . . . . . . . . . . . Installed . | . . . . . . . . . . . . . . . . . . . . . . Triggered 33 | . . . . . . 1 . 2 . . . . . . . 1 . . . . 29 Machines | -11 -10 -10 -9 -9 -8 -7 -7 -7 -7 -6 -6 -6 -6 -6 -6 -5 -5 -5 -5 -5 -5 ---------- Run | Scr Mat Min Mat Sto Mat Fac Low Low Dat Pro Fac Ext Cet Arc Hub Fac Was Fac Upp Upp War Machines Disabled 50 | . 1 . 2 2 1 7 1 . . . . 1 1 4 9 11 . 8 . . 2 Max in Single Turn 7 | . 1 . 1 1 1 7 1 . . . . . . 2 6 4 . 4 . . 2 Garrison Access 3 | . . . . . . 1 . . . . . . . . . 1 . 1 . . . Network Hub 1 | . . . . . . . . . . . . . . . 1 . . . . . . Machines Sabotaged . | . . . . . . . . . . . . . . . . . . . . . . Garrisons Compromised 1 | . . . . . . 1 . . . . . . . . . . . . . . . Overloaded Fab Kills 1 | . . . . . . . . . . . . . . . . 1 . . . . . Fab Network Shutdowns . | . . . . . . . . . . . . . . . . . . . . . . Hacking | -11 -10 -10 -9 -9 -8 -7 -7 -7 -7 -6 -6 -6 -6 -6 -6 -5 -5 -5 -5 -5 -5 --------- Run | Scr Mat Min Mat Sto Mat Fac Low Low Dat Pro Fac Ext Cet Arc Hub Fac Was Fac Upp Upp War Machines Accessed 73 | . 8 1 8 12 8 9 4 . 3 . 4 4 . . 1 4 . 6 1 . . Terminals 39 | . 6 1 4 9 6 2 1 . . . 2 4 . . 1 1 . 1 1 . . Fabricators 4 | . . . . . . 2 . . . . . . . . . 2 . . . . . Repair Stations 9 | . 1 . 2 1 1 1 . . . . 1 . . . . . . 2 . . . Recycling Units 8 | . 1 . 1 2 1 1 . . . . 1 . . . . . . 1 . . . Scanalyzers 3 | . . . 1 . . 1 . . . . . . . . . . . 1 . . . Garrison Access 4 | . . . . . . 2 . . . . . . . . . 1 . 1 . . . Total Hacks 244 | . 32 2 38 35 21 29 10 . 24 . 6 10 . . 2 15 . 19 1 . . Successful 135 | . 12 2 25 17 10 14 10 . 24 . 2 4 . . 2 4 . 8 1 . . Failed 107 | . 19 . 13 18 10 15 . . . . 4 6 . . . 11 . 11 . . . Catastrophic 13 | . 3 . 3 1 . 1 . . . . 1 2 . . . . . 2 . . . Database Lockouts 2 | . 1 . . . 1 . . . . . . . . . . . . . . . . Manual 91 | . 16 2 14 20 15 5 . . . . 1 7 1 . 2 3 . 4 . . 1 Terminals 119 | . 26 2 16 27 16 6 2 . . . 3 10 . . 2 4 . 4 1 . . Fabricators 19 | . . . . . . 10 . . . . . . . . . 9 . . . . . Repair Stations 29 | . 2 . 13 2 2 2 . . . . 2 . . . . . . 6 . . . Recycling Units 23 | . 4 . 2 6 3 4 . . . . 1 . . . . . . 3 . . . Scanalyzers 13 | . . . 7 . . 3 . . . . . . . . . . . 3 . . . Garrison Access 9 | . . . . . . 4 . . . . . . . . . 2 . 3 . . . Terminal Hacks 73 | . 8 2 4 11 5 2 10 . 24 . . 3 . . 1 . . 2 1 . . Record 15 | . . . . . . . 8 . 6 . . . . . . . . . 1 . . Part Schematic 7 | . . . . . 1 . . . 6 . . . . . . . . . . . . Robot Schematic 10 | . . 1 . . . . . . 9 . . . . . . . . . . . . Robot Analysis 4 | . 2 1 1 . . . . . . . . . . . . . . . . . . Prototype ID Bank 9 | . 1 . . 3 2 . . . 3 . . . . . . . . . . . . Open Door 6 | . . . . 4 . . 2 . . . . . . . . . . . . . . Branch Access Points 3 | . . . 1 . . 1 . . . . . . . . . . . 1 . . . Unreport Threat 11 | . 3 . 2 3 2 . . . . . . 1 . . . . . . . . . Locate Traps 3 | . 1 . . . . 1 . . . . . . . . . . . 1 . . . Recall Investigation 1 | . . . . . . . . . . . . 1 . . . . . . . . . Zone Layout 4 | . 1 . . 1 . . . . . . . 1 . . 1 . . . . . . Fabricator Hacks 6 | . . . . . . 4 . . . . . . . . . 2 . . . . . Load Schematic 3 | . . . . . . 2 . . . . . . . . . 1 . . . . . Build 3 | . . . . . . 2 . . . . . . . . . 1 . . . . . Repair Station Hacks 22 | . 1 . 12 2 2 1 . . . . 1 . . . . . . 3 . . . Scan Component 12 | . . . 6 1 1 1 . . . . 1 . . . . . . 2 . . . Repair 9 | . . . 6 1 1 . . . . . . . . . . . . 1 . . . Refit 1 | . 1 . . . . . . . . . . . . . . . . . . . . Recycling Unit Hacks 4 | . 1 . 1 1 1 . . . . . . . . . . . . . . . . Retrieve Components 4 | . 1 . 1 1 1 . . . . . . . . . . . . . . . . Scanalyzer 11 | . . . 6 . . 3 . . . . . . . . . . . 2 . . . Insert Component 4 | . . . 2 . . 1 . . . . . . . . . . . 1 . . . Analyze 7 | . . . 4 . . 2 . . . . . . . . . . . 1 . . . Garrison Access Hacks 2 | . . . . . . 1 . . . . . . . . . 1 . . . . . Seal Access 2 | . . . . . . 1 . . . . . . . . . 1 . . . . . Unauthorized Hacks 17 | . 2 . 2 3 2 3 . . . . 1 1 . . 1 1 . 1 . . . Terminals 9 | . 1 . 1 2 1 1 . . . . 1 1 . . 1 . . . . . . Botnet 9 | . 1 . 1 2 1 1 . . . . 1 1 . . 1 . . . . . . Fabricators 2 | . . . . . . 1 . . . . . . . . . 1 . . . . . Siphon 1 | . . . . . . 1 . . . . . . . . . . . . . . . Overload 1 | . . . . . . . . . . . . . . . . 1 . . . . . Repair Stations . | . . . . . . . . . . . . . . . . . . . . . . Recycling Units 4 | . 1 . 1 1 1 . . . . . . . . . . . . . . . . Mask 3 | . . . 1 1 1 . . . . . . . . . . . . . . . . Tunnel 1 | . 1 . . . . . . . . . . . . . . . . . . . . Scanalyzers . | . . . . . . . . . . . . . . . . . . . . . . Garrison Access 2 | . . . . . . 1 . . . . . . . . . . . 1 . . . Reprogram 1 | . . . . . . 1 . . . . . . . . . . . . . . . Jam 1 | . . . . . . . . . . . . . . . . . . 1 . . . Data Cores Recovered . | . . . . . . . . . . . . . . . . . . . . . . Used . | . . . . . . . . . . . . . . . . . . . . . . Hacking Detections 57 | . 7 1 5 12 8 8 . . . . 3 4 . . 1 3 . 5 . . . Full Trace Events 9 | . 2 . 1 . 1 3 . . . . . 1 . . . . . 1 . . . Feedback Events . | . . . . . . . . . . . . . . . . . . . . . . Feedback Blocked . | . . . . . . . . . . . . . . . . . . . . . . Robot Schematics Acquired 10 | . . 1 . . . . . . 9 . . . . . . . . . . . . Robots Built . | . . . . . . . . . . . . . . . . . . . . . . Matter . | . . . . . . . . . . . . . . . . . . . . . . Time . | . . . . . . . . . . . . . . . . . . . . . . Total Robot Build Rating . | . . . . . . . . . . . . . . . . . . . . . . Part Schematics Acquired 11 | . . . 2 . 1 1 . . 6 . . . . . . . . 1 . . . Parts Built 3 | . . . . . . 2 . . . . . . . . . 1 . . . . . Matter 364 | . . . . . . 218 . . . . . . . . . 146 . . . . . Time 170 | . . . . . . 146 . . . . . . . . . 24 . . . . . Total Part Build Rating 9 | . . . . . . 6 . . . . . . . . . 3 . . . . . Parts Repaired 9 | . . . 6 1 1 . . . . . . . . . . . . 1 . . . Time 340 | . . . 156 25 51 . . . . . . . . . . . . 108 . . . Parts Recycled . | . . . . . . . . . . . . . . . . . . . . . . Recycled Matter . | . . . . . . . . . . . . . . . . . . . . . . Retrieved Matter . | . . . . . . . . . . . . . . . . . . . . . . Retrieved Components 18 | . 2 . 10 4 2 . . . . . . . . . . . . . . . . Parts Scanalyzed 4 | . . . 2 . . 1 . . . . . . . . . . . 1 . . . Part Schematics Acquired 4 | . . . 2 . . 1 . . . . . . . . . . . 1 . . . Parts Damaged . | . . . . . . . . . . . . . . . . . . . . . . Bothacking | -11 -10 -10 -9 -9 -8 -7 -7 -7 -7 -6 -6 -6 -6 -6 -6 -5 -5 -5 -5 -5 -5 ------------ Run | Scr Mat Min Mat Sto Mat Fac Low Low Dat Pro Fac Ext Cet Arc Hub Fac Was Fac Upp Upp War Used RIF Installer . | . . . . . . . . . . . . . . . . . . . . . . Robots Hacked 1 | . . . . 1 . . . . . . . . . . . . . . . . . Non-combat . | . . . . . . . . . . . . . . . . . . . . . . Combat 1 | . . . . 1 . . . . . . . . . . . . . . . . . Robot Hacks Applied 1 | . . . . 1 . . . . . . . . . . . . . . . . . parse_system 1 | . . . . 1 . . . . . . . . . . . . . . . . . Relay Couplers Released . | . . . . . . . . . . . . . . . . . . . . . . Robots Rewired 13 | . . . . . . . . . . . . 13 . . . . . . . . . Allies Hacked . | . . . . . . . . . . . . . . . . . . . . . . Hacks Repelled . | . . . . . . . . . . . . . . . . . . . . . . Allies | -11 -10 -10 -9 -9 -8 -7 -7 -7 -7 -6 -6 -6 -6 -6 -6 -5 -5 -5 -5 -5 -5 -------- Run | Scr Mat Min Mat Sto Mat Fac Low Low Dat Pro Fac Ext Cet Arc Hub Fac Was Fac Upp Upp War Total Allies 49 | . . 2 . 1 . 1 . . . 1 . 19 5 . . . 20 . . . . Largest Group 20 | . . 2 1 1 . 1 . . . 1 1 11 9 4 2 1 20 20 . . . Highest-Rated Group 819 | . . 41 31 100 . 32 . . . 95 95 484 475 366 183 88 819 812 . . . Highest-Rated Ally 159 | . . 31 31 100 . 32 . . . 95 95 159 151 95 95 88 50 50 . . . Total Orders 7 | . . . . . . . . . . . . . . 2 5 . . . . . . STAY 4 | . . . . . . . . . . . . . . 1 3 . . . . . . FOLLOW 3 | . . . . . . . . . . . . . . 1 2 . . . . . . Ally Attacks 518 | . . 7 13 . . 5 . . . 8 6 136 121 14 11 5 16 176 . . . Total Damage 12792 | . . 124 166 . . 156 . . . 191 280 2979 2813 459 293 154 535 4642 . . . Kills 86 | . . 2 4 . . 1 . . . 2 3 23 12 3 3 . 2 31 . . . Allies Corrupted 1 | . . . . . . . . . . . . . . . 1 . . . . . . Allies Melted . | . . . . . . . . . . . . . . . . . . . . . . Intel | -11 -10 -10 -9 -9 -8 -7 -7 -7 -7 -6 -6 -6 -6 -6 -6 -5 -5 -5 -5 -5 -5 ------- Run | Scr Mat Min Mat Sto Mat Fac Low Low Dat Pro Fac Ext Cet Arc Hub Fac Was Fac Upp Upp War Robot Analysis Total 4 | . 2 1 1 . . . . . . . . . . . . . . . . . . Derelict Logs Recovered 9 | . . 2 . . . . 2 1 . 1 . . . . . . . . 2 1 . Drone Launches . | . . . . . . . . . . . . . . . . . . . . . . Drone Recoveries . | . . . . . . . . . . . . . . . . . . . . . . Decoded 0b10 Intel 63 | . . . . . . . . . . . 18 45 . . . . . . . . . Items 63 | . . . . . . . . . . . 18 45 . . . . . . . . . Exploration | -11 -10 -10 -9 -9 -8 -7 -7 -7 -7 -6 -6 -6 -6 -6 -6 -5 -5 -5 -5 -5 -5 ------------- Run | Scr Mat Min Mat Sto Mat Fac Low Low Dat Pro Fac Ext Cet Arc Hub Fac Was Fac Upp Upp War Turns Passed 24424 | 22 1468 866 1495 2750 1180 1293 1643 1387 124 351 365 1231 364 1487 632 2073 631 1292 1066 799 1905 Spaces Moved 11136 | 13 626 498 625 1142 573 639 960 782 77 194 237 702 149 183 287 793 325 653 603 411 664 Core 90 | . . . . . . . . . . . . . . 86 . . . . . . 4 Treads 9687 | 11 626 498 625 1142 573 639 960 782 77 194 . 4 45 97 287 783 17 653 603 411 660 Legs 2 | 2 . . . . . . . . . . . . . . . . . . . . . Wheels 1357 | . . . . . . . . . . . 237 698 104 . . 10 308 . . . . Hover . | . . . . . . . . . . . . . . . . . . . . . . Flight . | . . . . . . . . . . . . . . . . . . . . . . Fastest Speed 120 | 120 160 160 160 160 163 163 163 163 163 163 130 130 130 160 160 125 125 160 160 160 160 Average Speed 168 | 153 160 160 160 160 165 163 163 163 163 163 130 130 139 695 160 166 177 160 160 160 161 Slowest Speed 1300 | 160 160 160 160 163 167 270 163 163 163 163 130 266 160 1300 160 260 200 160 160 160 200 Overloaded Moves . | . . . . . . . . . . . . . . . . . . . . . . Propulsion Burnouts . | . . . . . . . . . . . . . . . . . . . . . . Robots Hopped . | . . . . . . . . . . . . . . . . . . . . . . Cave-ins Triggered 1 | . . . . . . 1 . . . . . . . . . . . . . . . Exploration Rate (%) 58 | 2 97 91 61 95 42 18 98 79 68 36 7 86 59 81 22 17 95 23 78 52 77 Regions Visited 21 Branch Regions 13 Pre-discovered Areas 3 | . 1 . . . . . . . 1 1 . . . . . . . . . . . Known Exits Taken 6 | . . . 1 . . 1 . . . . 1 . . . 1 . . 1 1 . . Unknown Exits Taken 13 | 1 1 1 . 1 1 . 1 1 1 1 . 1 1 1 . . . . . 1 . Scrap Searched 13 | . . 1 . . . . 4 4 . 1 . . . . . . . . 1 2 . Spaces Dug 64 | . 8 . . . . 7 12 1 . 2 . . . . 14 6 . 6 4 . 4 Terrain Destroyed 859 | . 51 . 10 8 . 95 39 1 . 2 . 7 6 28 183 163 . 46 7 57 156 Melee 19 | . . . . . . 2 12 1 . 1 . . . . . 1 . . . . 2 Projectile 170 | . . . . . . 7 . . . 1 . 7 6 28 21 52 . 21 7 7 13 AOE 669 | . 51 . 10 8 . 86 27 . . . . . . . 162 109 . 25 . 50 141 Terrain Rammed . | . . . . . . . . . . . . . . . . . . . . . . Walls Destroyed . | . . . . . . . . . . . . . . . . . . . . . . Machines Disabled . | . . . . . . . . . . . . . . . . . . . . . . Actions | -11 -10 -10 -9 -9 -8 -7 -7 -7 -7 -6 -6 -6 -6 -6 -6 -5 -5 -5 -5 -5 -5 --------- Run | Scr Mat Min Mat Sto Mat Fac Low Low Dat Pro Fac Ext Cet Arc Hub Fac Was Fac Upp Upp War Total 15436 | 14 1031 532 999 1869 747 828 1014 892 76 212 284 923 254 336 411 1303 378 824 679 492 1338 Wait 2612 | . 329 13 226 519 105 117 6 98 . 5 14 66 56 98 87 262 13 82 54 19 443 Move 11116 | 12 625 497 624 1141 572 637 959 781 76 193 236 701 148 182 287 793 324 652 602 410 664 Hop . | . . . . . . . . . . . . . . . . . . . . . . Pick Up 152 | . 11 3 25 8 10 7 7 1 . 1 6 10 3 4 . 16 11 5 1 6 17 Fast Attach 104 | . 6 . 9 13 5 6 4 2 . . 5 5 5 5 4 10 4 8 . 3 10 Attach 70 | . . . 5 . 2 4 . 1 . . 2 5 1 2 . 20 3 . . 4 21 Detach 50 | . 1 . 3 2 1 1 . 1 . . 1 2 . 3 . 16 4 3 . 3 9 Swap 143 | 2 14 . 15 19 6 15 7 4 . 4 4 13 5 2 2 5 1 3 6 2 14 Drop 197 | . 8 . 24 25 12 7 12 3 . 1 9 12 11 8 . 9 10 13 1 5 27 Fire 792 | . 32 17 64 100 27 24 5 . . 7 5 44 25 32 27 146 8 49 15 40 125 Melee 49 | . . . . 1 . 3 14 1 . 1 2 20 . . . 1 . . . . 6 Ram . | . . . . . . . . . . . . . . . . . . . . . . Kick . | . . . . . . . . . . . . . . . . . . . . . . Crush 58 | . 5 2 4 6 7 6 . . . . . . . . 4 13 . 9 . . 2 Escape Stasis 13 | . . . . . . 1 . . . . . 12 . . . . . . . . . Rewire 33 | . . . . . . . . . . . . 33 . . . . . . . . . Trap 47 | . . . . 35 . . . . . . . . . . . 12 . . . . . Miscellaneous . | . . . . . . . . . . . . . . . . . . . . . . Route ------- -11/Scrapyard -10/Materials (discovered 5 exits: *Mat x3 / *Min x2) -10/Mines (discovered 3 exits: *Mat x2 / [*Exi]) -9/Materials (discovered 4 exits: *Mat / *Min / *Sto x2) -9/Storage -8/Materials -7/Factory (discovered 2 exits: *Low x2) -7/Lower Caves -7/Lower Caves (discovered 2 exits: *Fac / *Dat) -7/Data Miner -6/Proximity Caves -6/Factory (discovered 2 exits: Fac / *Ext) -6/Extension (discovered 2 exits: *Fac / *Cet) -6/Cetus (discovered 2 exits: *Fac / [*Arc]) -6/Archives (discovered 3 exits: *Fac / *Hub x2) -6/Hub_04(d) -5/Factory -5/Waste -5/Factory (discovered 2 exits: *Upp x2) -5/Upper Caves -5/Upper Caves -5/Warlord History --------- Turn | Location | Event 1 | -11/Scrapyard | Discovered new exit (range 3) 23 | -11/Scrapyard | Entered Materials 141 | -10/Materials | Discovered new exit (range 9) 316 | -10/Materials | Build established: Mutant 371 | -10/Materials | Discovered new exit (range 11) 629 | -10/Materials | Discovered new exit (range 14) 951 | -10/Materials | Central database locked down 964 | -10/Materials | Discovered new exit (range 11) 1470 | -10/Materials | Discovered new exit (range 6) 1491 | -10/Materials | Entered Mines 1605 | -10/Mines | Discovered new exit (range 8) 1680 | -10/Mines | Deemed a non-threat by the Exiles lab entrance 1680 | -10/Mines | Discovered new exit (range 5) 1861 | -10/Mines | Learned Materials emergency access door positions 2155 | -10/Mines | Discovered new exit (range 7) 2176 | -10/Mines | Learned Materials emergency access door positions 2357 | -10/Mines | Entered Materials 2357 | -9/Materials | Accompanied by 1 ally 2357 | -9/Materials | Evolved 2 slots: Propulsion x1, Utility x1 2362 | -9/Materials | Led the pair of lost Derelicts to an unsafe place 2475 | -9/Materials | Repaired Lgt. Treads 2502 | -9/Materials | Repaired Lgt. Treads 2529 | -9/Materials | Repaired Hcp. Matter Pod 2559 | -9/Materials | Repaired Assault Rifle 2923 | -9/Materials | Discovered new exit (range 5) 2969 | -9/Materials | Discovered new exit (range 16) 3133 | -9/Materials | Repaired Lgt. Treads 3163 | -9/Materials | Repaired Lgt. Armor Plating 3306 | -9/Materials | Discovered new exit (range 13) 3545 | -9/Materials | Discovered new exit (range 20) 3565 | -9/Materials | Identified exit to Mines 3565 | -9/Materials | Identified exit to Storage 3852 | -9/Materials | Entered Storage 4310 | -9/Storage | Found Prototype Launcher 4310 | -9/Storage | Identified Scatter Rocket Array 4323 | -9/Storage | Found Scatter Rocket Array 4329 | -9/Storage | Found Scatter Rocket Array 4332 | -9/Storage | Found Scatter Rocket Array 5176 | -9/Storage | Discovered new exit (range 8) 5906 | -9/Storage | Repaired Adv. Beam Cannon 6078 | -9/Storage | Met 01-MTF 6248 | -9/Storage | Destroyed 01-MTF 6602 | -9/Storage | Entered Materials 6602 | -8/Materials | Evolved 2 slots: Propulsion x1, Utility x1 7010 | -8/Materials | Central database locked down 7200 | -8/Materials | Discovered new exit (range 13) 7570 | -8/Materials | Repaired Adv. Beam Cannon 7782 | -8/Materials | Entered Factory 7782 | -7/Factory | Evolved 2 slots: Utility x2 7916 | -7/Factory | Fabricated Hvy. Assault Cannon (x1) 7989 | -7/Factory | Fabricated Hvy. Assault Cannon (x1) 8216 | -7/Factory | Identified exit to Lower Caves 8554 | -7/Factory | Crushed by falling debris 8697 | -7/Factory | Destroyed 8 combat bots 8936 | -7/Factory | Garrison activated, responded to threat 9023 | -7/Factory | Cargo convoy interrupted 9075 | -7/Factory | Entered Lower Caves 9455 | -7/Lower Caves | Encountered a Warlord checkpoint 10087 | -7/Lower Caves | Learned location of 1 exit from Factory 10179 | -7/Lower Caves | Learned Research emergency access door positions 10304 | -7/Lower Caves | Discovered new exit (range 13) 10718 | -7/Lower Caves | Entered another Lower Caves area 10798 | -7/Lower Caves | Encountered a Warlord checkpoint 10805 | -7/Lower Caves | Discovered new exit (range 6) 11472 | -7/Lower Caves | Spotted B-75 Beast 11709 | -7/Lower Caves | Discovered new exit (range 14) 12105 | -7/Lower Caves | Entered Data Miner 12105 | -7/Data Miner | Discovered new exit (range 6) 12136 | -7/Data Miner | Met Data Miner 12167 | -7/Data Miner | Learned location of Section 7 (-2) 12167 | -7/Data Miner | Acquired the access code to Warlord's prototype stash 12189 | -7/Data Miner | Received God Mode back door access code from Data Miner 12229 | -7/Data Miner | Entered Proximity Caves 12304 | -6/Proximity Caves | Escorted by Enhanced Grunt 12536 | -6/Proximity Caves | Discovered new exit (range 13) 12567 | -6/Proximity Caves | Learned location of Zion (-6) 12580 | -6/Proximity Caves | Entered Factory 12580 | -6/Factory | Accompanied by 1 ally 12580 | -6/Factory | Evolved 2 slots: Propulsion x1, Utility x1 12581 | -6/Factory | Identified exit to Extension 12582 | -6/Factory | Identified exit to Factory 12945 | -6/Factory | Entered Extension 12945 | -6/Extension | Accompanied by 1 ally 13113 | -6/Extension | Rescued a captive Derelict 13114 | -6/Extension | Rescued a captive Derelict 13139 | -6/Extension | Rescued A7 13262 | -6/Extension | Rescued a captive Derelict 13640 | -6/Extension | Spotted B-75 Beast 13660 | -6/Extension | Destroyed B-75 Beast 13671 | -6/Extension | Spotted B-75 Beast 13705 | -6/Extension | Allies destroyed B-75 Beast 13799 | -6/Extension | Rescued a captive Derelict 14098 | -6/Extension | Rescued a captive Derelict 14149 | -6/Extension | Discovered exit to Factory (range 10) 14151 | -6/Extension | Discovered new exit (range 6) 14176 | -6/Extension | Entered Cetus 14176 | -6/Cetus | Accompanied by 9 allies (A7) 14181 | -6/Cetus | Acquired a Cetus Manufacturing Module code from A7 14193 | -6/Cetus | Spotted Cetus Guard 14193 | -6/Cetus | Spotted Cetus Guard 14194 | -6/Cetus | Destroyed Cetus Guard 14195 | -6/Cetus | Spotted Cetus Guard 14197 | -6/Cetus | Spotted Cetus Guard 14215 | -6/Cetus | Allies destroyed Cetus Guard 14217 | -6/Cetus | Allies destroyed Cetus Guard 14220 | -6/Cetus | Allies destroyed Cetus Guard 14273 | -6/Cetus | Started Cetus Manufacturing Module 14294 | -6/Cetus | Discovered new exit (range 20) 14298 | -6/Cetus | Manufactured an Enhanced Grunt 14323 | -6/Cetus | Manufactured an Enhanced Grunt 14348 | -6/Cetus | Manufactured an Enhanced Grunt 14373 | -6/Cetus | Manufactured an Enhanced Grunt 14398 | -6/Cetus | Manufactured an Enhanced Grunt 14413 | -6/Cetus | Spotted Cetus Guard 14413 | -6/Cetus | Spotted Cetus Guard 14414 | -6/Cetus | Spotted Cetus Guard 14422 | -6/Cetus | Spotted Cetus Guard 14423 | -6/Cetus | Discovered exit to Factory (range 20) 14435 | -6/Cetus | Destroyed Cetus Guard 14436 | -6/Cetus | Allies destroyed Cetus Guard 14441 | -6/Cetus | Allies destroyed Cetus Guard 14442 | -6/Cetus | Allies destroyed Cetus Guard 14464 | -6/Cetus | Met Revision 17 14540 | -6/Cetus | Entered Archives 14540 | -6/Archives | Accompanied by 4 allies 14613 | -6/Archives | Discovered new exit (range 19) 14711 | -6/Archives | Discovered exit to Factory (range 17) 14739 | -6/Archives | Build established: Scavenger-Mutant 14819 | -6/Archives | Discovered new exit (range 20) 16027 | -6/Archives | Entered Hub_04(d) 16027 | -6/Hub_04(d) | Accompanied by 2 allies 16160 | -6/Hub_04(d) | Discovered exit to Factory (range 8) 16641 | -6/Hub_04(d) | Garrison activated, responded to threat 16641 | -6/Hub_04(d) | Network Hub disabled 16642 | -6/Hub_04(d) | Spotted Lightning 16642 | -6/Hub_04(d) | Spotted Lightning 16644 | -6/Hub_04(d) | Spotted Lightning 16644 | -6/Hub_04(d) | Spotted Lightning 16644 | -6/Hub_04(d) | Spotted Lightning 16644 | -6/Hub_04(d) | Spotted Lightning 16644 | -6/Hub_04(d) | Spotted Lightning 16644 | -6/Hub_04(d) | Spotted Lightning 16644 | -6/Hub_04(d) | Spotted Lightning 16659 | -6/Hub_04(d) | Entered Factory 16659 | -5/Factory | Accompanied by 1 ally 16659 | -5/Factory | Evolved 2 slots: Propulsion x1, Utility x1 17066 | -5/Factory | Spotted B-75 Beast 17119 | -5/Factory | Found Prototype Device 17217 | -5/Factory | Fabricated Hvy. Assault Cannon (x1) 17258 | -5/Factory | Identified Active Sensor Suite 17259 | -5/Factory | First assault squad dispatched 17285 | -5/Factory | Incoming assault squad redirected 17466 | -5/Factory | Discovered new exit (range 15) 17514 | -5/Factory | Identified exit to Upper Caves 17549 | -5/Factory | Build established: Scavenger-Skirmisher 17974 | -5/Factory | Build established: Scavenger-Mutant 18544 | -5/Factory | Lost 3 parts (2n1u) 18732 | -5/Factory | Manually triggered Chute Trap 18732 | -5/Factory | Sucked down chute 18732 | -5/Factory | Entered Waste 18733 | -5/Waste | Joined by Warlord forces that had cleared the area 19055 | -5/Waste | Discovered new exit (range 12) 19240 | -5/Waste | A Compactor rumbled back to life 19240 | -5/Waste | Spotted C-40 Crusher 19241 | -5/Waste | Allies destroyed C-40 Crusher 19363 | -5/Waste | Entered Factory 19363 | -5/Factory | Accompanied by 20 allies 19419 | -5/Factory | Incoming investigation squad redirected 19808 | -5/Factory | Found Launcher Loader 20263 | -5/Factory | First assault squad dispatched 20291 | -5/Factory | Incoming assault squad redirected 20395 | -5/Factory | Repaired Centrium Medium Armor Plating? 20655 | -5/Factory | Entered Upper Caves 21041 | -5/Upper Caves | Identified exit to Upper Caves 21048 | -5/Upper Caves | Learned Factory stockpile data 21721 | -5/Upper Caves | Entered another Upper Caves area 21733 | -5/Upper Caves | Attracted the attention of an 0b10 checkpoint 22039 | -5/Upper Caves | Spotted B-75 Beast 22091 | -5/Upper Caves | Destroyed B-75 Beast 22125 | -5/Upper Caves | Learned Factory emergency access door positions 22403 | -5/Upper Caves | Discovered new exit (range 5) 22520 | -5/Upper Caves | Entered Warlord 22575 | -5/Warlord | System corruption cleaned by Quarantine Array 23069 | -5/Warlord | Met Warlord 23094 | -5/Warlord | Warlord's base attacked by MAIN.C 23096 | -5/Warlord | Opened Warlord's prototype stash 23103 | -5/Warlord | Found Prototype Processor 23103 | -5/Warlord | Identified Spectral Analyzer 23119 | -5/Warlord | Found Exp. Targeting Computer 23360 | -5/Warlord | Build established: Mutant 23444 | -5/Warlord | Warlord forces counterattacked 23458 | -5/Warlord | Spotted Executioner 23469 | -5/Warlord | Spotted Executioner 23510 | -5/Warlord | Spotted Striker 23636 | -5/Warlord | Spotted Executioner 23706 | -5/Warlord | Spotted Striker 23740 | -5/Warlord | Spotted Striker 23769 | -5/Warlord | Warlord base infiltrated, sounded retreat 23794 | -5/Warlord | Destroyed 12 combat bots 23821 | -5/Warlord | Spotted Executioner 23837 | -5/Warlord | Destroyed Executioner 23845 | -5/Warlord | Spotted Executioner 23887 | -5/Warlord | Found Prototype Launcher 23890 | -5/Warlord | Lost 3 parts (1n2u) 23896 | -5/Warlord | Spotted Striker 23900 | -5/Warlord | Spotted Executioner 23925 | -5/Warlord | Found Corrupted Prototype Ballistic Cannon 23927 | -5/Warlord | Spotted Striker 23935 | -5/Warlord | Destroyed Striker 23947 | -5/Warlord | Found Corrupted Prototype Launcher 23989 | -5/Warlord | Build established: Scavenger-Mutant 24182 | -5/Warlord | Spotted Striker 24184 | -5/Warlord | Identified Chain Missile Launcher (x2) 24205 | -5/Warlord | System corruption reached 10% 24228 | -5/Warlord | Destroyed Striker 24240 | -5/Warlord | Identified Hvy. Autocannon 24264 | -5/Warlord | Destroyed 9 combat bots 24342 | -5/Warlord | Spotted Executioner 24365 | -5/Warlord | Spotted Striker 24366 | -5/Warlord | Core integrity fell below 50% 24366 | -5/Warlord | Spotted Executioner 24385 | -5/Warlord | Lost 3 parts (1n2u) 24388 | -5/Warlord | Destroyed Striker 24410 | -5/Warlord | Spotted Executioner 24424 | -5/Warlord | Core integrity fell below 20% 24425 | -5/Warlord | Destroyed by H-66 Slayer with Gauss Rifle Last Messages --------------- 24420_ Dropped Chain Missile Launcher. 24420_ Hacking Suite destroyed. 24420_ Acquired Hvy. Autocannon. 24420_ Slug penetrates Wall. 24420_ Exp. Targeting Computer destroyed. 24420_ Penetrated by Slug. 24420_ Slug penetrates G-50 Soldier. 24422_ Penetrated by Slug. 24423_ Slug penetrates Wall. 24423_ Penetrated by Slug. 24423_ Slug penetrates G-50 Soldier. 24423_ Penetrated by Slug. 24423_ Centrium Medium Armor Plating destroyed. 24423_ Slug penetrates G-50 Soldier. 24423_ G-50 Soldier destroyed. 24424_ Imp. Target Analyzer destroyed. 24424_ Hcp. Matter Pod destroyed. 24425_ Slug penetrates S-27 Virus. 24425_ S-27 Virus destroyed. 24425_ Penetrated by Slug. Map ----- +----------------------------------------------------+ | ?????????????????????????????????????????????????? | | ?????????????????????????????????????????????????? | | ?????????????????????????????????????????????????? | | ?????????????????????###########?????????????????? | | ?????????????????????# #?????????????????? | | ?????????????????????# #?????????????????? | | ??????????????###????# #?????????????????? | | ?????????###### ####?# #?????????????????? | | ?????????# ### #?# #?????????????????? | | ????????## # ### #?# #?????????????????? | | ????????# #### ####??????????????? | | ????????# ## ######?????????? | | ????????## # ### # # # # #?????????? | | ????????# #?????????? | | ######### % #????????? | | """""""### % % #????????? | | " "#?# #% #### # #????????? | | "#?# ^ #??? # ### # #????????? | | "#?# ##????# ## #????????? | | "#?#### # #s ##??? #????????? | | "#???##### # E;gg######### #????###?? | | "#?????###### #; ] #??# ##????#""#?? | | "#??????????# #; //! =h #### ##????#""#?? | | "#??????????# ;; ]![*% h/ g #?????#""#?? | | "#??????????#g;; ]![! g g#### #??####""#?? | | "#??????????# ## @ #??# #??# # ""### | | "#??????????# ## #### #### # ""# | | #///####??????????"%"# !%= #* "" | | # #?????????????#%## x # = # "" | | # #?????????????# "####s###;;E!!= # "" | | #???????????###/"#####; ggg ! | | #???????????# %% # g g= ]= !! | | #???????????# # gi!g ] !]= ! | | ############# ! ! # g !! == = | | ## ## ! ! # # !"" * | | ## ## ! ! # # ="" | | ## ## + # "" | | # ## # ## " ##### ""### | | + """ """ ## # ; # # #""#?# | | # """ """ #########/## #### #""#?? | | #### # """ """ + #??####""#?? | | ???# # # #?????#""#?? | | ???# ######+#### #????#""#?? | | ???# #????##??? | | ???# ########### ############## ##????????? | | ???# #?????????###????????????# #?????????? | | ???# #????????????????????????# #?????????? | | ???# #????????????????????????## # ####?????????? | | ####+#####?????????????????????### #????????????? | | # #???????????????????????# #????????????? | +----------------------------------------------------+ Best States ------------- Heat Dissipation 67 Energy Generation 21 Energy Capacity 810 Matter Stores 300 Matter Capacity 500 Sight Range 24 Robot Scan Range 20 Terrain Scan Density 10 Jamming Range 14 Armor Coverage 1650 Resistance: EM 15 Propulsion Shielding 66 Weapon Shielding 66 Weapon Cycling 15 Evasion (%) 40 Targeting Accuracy 18 Target Analysis 6 Recoil Reduction 6 Matter Filtering 30 Kinecelleration 30 Offensive Hacking 10 Defensive Hacking 12 Item Schematics ----------------- Beamcaster | -9/Materials | Scanalyzed Datajack | -9/Materials | Scanalyzed Hvy. Assault Cannon | -8/Materials | Hacked Arm. Huge Wheel | -7/Factory | Scanalyzed Combat Drone Bay | -7/Data Miner | Free Lgt. Regenerative Plating | -7/Data Miner | Free Exp. Cesium-ion Thruster | -7/Data Miner | Free Exp. Terrain Scanner | -7/Data Miner | Free Exp. Targeting Computer | -7/Data Miner | Free Plasma Sword | -7/Data Miner | Free Adv. Heavy Treads | -5/Factory | Scanalyzed Robot Schematics ------------------ M-13 Machinist | -10/Mines | Hacked S-27 Virus | -7/Data Miner | Free G-50 Soldier | -7/Data Miner | Free G-67 Veteran | -7/Data Miner | Free L-41 Fighter | -7/Data Miner | Free X-72 Disruptor | -7/Data Miner | Free H-66 Slayer | -7/Data Miner | Free P-70 Sage | -7/Data Miner | Free I-36 Angel | -7/Data Miner | Free I-47 Archangel | -7/Data Miner | Free Fabricated ------------ Hvy. Assault Cannon | x1 | -7/Factory Hvy. Assault Cannon | x1 | -7/Factory Hvy. Assault Cannon | x1 | -5/Factory Alien Tech Used ----------------- None Achievements -------------- None Challenges ------------ None Game ------ Seed SpikedSlugElectrolaser Manual? 0 Play Time 02:37:36 Cumulative 953.5 hours Start 2021.09.26 @ 13:49:53 End 2021.09.26 @ 22:33:38 Sessions 7 Manual Loads 0 Difficulty Rogue Special Mode None Game No. 655 Rogue 651 Adventurer 4 Explorer 0 Win Type - Total 101 Types 78/9/5/4/2/0/0/2/1 Lore% 94 Gallery% 97 Achievement% 96 Wizard Run 0 Options --------- ASCII 0 Keyboard 1 Movement Vi Keybinds 0 Fullscreen 0 Font 16/Terminus Map View 76x50 Tactical HUD 1 Map Filters NONE Filters NONE Steam 1 RUN: f975ea93-18a0-417f-93f9-0b491171b82e